 Dungeon Crawl Stone Soup version 0.16.1-12-gf5c4a84 (webtiles) character file.

60 bloodandbone the Ducker (level 4, 0/29 HPs)
             Began as an Octopode Gladiator on Apr 10, 2015.
             Succumbed to a goblin's poison
             ... on level 2 of the Dungeon.
             The game lasted 00:02:38 (752 turns).

bloodandbone the Ducker (Octopode Gladiator)         Turns: 752, Time: 00:02:38

Health: 0/29       AC:  1    Str: 14    XL:     4   Next: 6%
Magic:  4/4        EV: 13    Int: 10    God:
Gold:   39         SH:  0    Dex: 13    Spells: 0 memorised, 3 levels left

rFire  . . .     SeeInvis .     b - +2 short sword (drain)
rCold  . . .     Clarity  .     (no shield)
rNeg   . . .     SustAb   .     c - +0 hat
rPois  .         Gourm    .     (no amulet)
rElec  .         Spirit   .     (no ring)
rCorr  .         Warding  .     (no ring)
rMut   .         Stasis   .     (no ring)
MR     .....                    (no ring)
Stlth  +++.......               (no ring)
                                (no ring)
                                (no ring)
                                (no ring)

@: lethally poisoned (0 -> -8), not resistant to hostile enchantments, fairly
stealthy
A: almost no armour, amphibious, 8 rings, constrict 8, camouflage 1, gelatinous
body 1
a: no special abilities


You were on level 2 of the Dungeon.
You were not hungry.

You visited 1 branch of the dungeon, and saw 2 of its levels.

You collected 39 gold pieces.

Inventory:

Hand weapons
 a - a +0 rapier
 b - a +2 short sword of draining (weapon)
Missiles
 d - 3 throwing nets (quivered)
Armour
 c - a +0 hat (worn)
Scrolls
 e - a scroll of enchant armour {unknown}
 g - 2 scrolls of teleportation {unknown}
 h - a scroll of remove curse {unknown}
 j - a scroll of blinking {unknown}
 k - a scroll of identify {unknown}
 l - a scroll of magic mapping {unknown}
Comestibles
 f - 2 bread rations


   Skills:
 + Level 2.2 Fighting
 + Level 3.7 Short Blades
 + Level 2.1 Throwing
 * Level 3.8 Dodging
 * Level 1.3 Stealth


You had 3 spell levels left.
You didn't know any spells.

Dungeon Overview and Level Annotations

Branches:
Dungeon (2/15)

Altars:

Annotations:
D:2 Robin


Innate Abilities, Weirdness & Mutations

You cannot wear most types of armour.
You are amphibious.
You can wear up to eight rings at the same time.
You can use your tentacles to constrict many enemies at once.
Your skin changes colour to match your surroundings (Stealth).
Your rubbery body absorbs attacks (AC +1).


Message History

Read which item? (? for menu, Esc to quit)
Okay, then.
You don't know any spells.
You hit the goblin. You drain the goblin!
You kill the goblin!
The goblin closely misses you.
You barely miss the goblin. You grab the goblin. You constrict the goblin.
You kill the goblin!
Robin throws the goblin at you!
The goblin hits you with an uncursed dagger of venom.
* * * LOW HITPOINT WARNING * * *
You are lethally poisoned!
You aren't carrying any potions.
You puncture the goblin!
You kill the goblin!
* * * LOW HITPOINT WARNING * * *
You feel sick. The goblin closely misses you.
You completely miss the goblin. Your grab misses the goblin.
Your squeeze misses the goblin.
You die...

.............#.# #.#
...####..##..#.# #.#
#...#..#.# #.#
#...#..#.########.#
.####...#..#..........#
............############
#.##..#.##.# #..#.##g#
#..#.##@# ...#.##g######
#.. #.##gg....# .
#.##.)....# #.##g.....#
.. . #......# ...#
#......# #.... #......#
##.....#.)...)#


You could see Robin, 2 hobgoblins and 2 goblins.

Vanquished Creatures
  A worm (D:1)
  3 oozes (D:1)
  4 bats (D:1)
  6 giant cockroaches
  10 goblins
  4 hobgoblins
  8 jackals (D:1)
  2 quokkas (D:2)
  A giant newt (D:1)
  3 kobolds (D:1)
  6 rats
48 creatures vanquished.

Notes
Turn   | Place    | Note
--------------------------------------------------------------
     0 | D:1      | bloodandbone, the Octopode Gladiator, began the quest for the Orb.
     0 | D:1      | Reached XP level 1. HP: 14/14 MP: 1/1
     1 | D:1      | Found a runed door.
   224 | D:1      | Reached XP level 2. HP: 13/19 MP: 2/2
   485 | D:1      | Reached skill level 1 in Stealth
   487 | D:1      | Reached XP level 3. HP: 13/24 MP: 3/3
   732 | D:2      | Noticed Robin
   737 | D:2      | Reached XP level 4. HP: 14/29 MP: 4/4
   751 | D:2      | HP: 1/29 [poisoned by a goblin]
   752 | D:2      | Succumbed to a goblin's poison

Action                   |  1- 3 |  4- 6 || total
-------------------------+-------+-------++-------
Melee: Short sword       |    67 |     6 ||    73
       Rapier            |     3 |       ||     3
 Stab: Sleeping          |     5 |       ||     5
